3AA
SALEM MISFITS @ FT. POLK SOUTH THUNDER HAWKS
07/10/2020
 
TOP OF THE 1ST
Salem Misfits batting - Pitching for Ft. Polk South Thunder Hawks : RHP Jeff Moore
Pitching: RHP Jeff Moore
Batting: SHB Alonso Márquez 0-0: Foul Ball, location: 2F
0-1: Ground out 5-3 (Groundball, 56)
Batting: LHB Micheal Garren 0-0: Ball
1-0: Foul Ball, location: 2F
1-1: Foul Ball, location: 2F
1-2: Strikes out swinging
Batting: RHB António Martínez 0-0: Ground out 5-3 (Groundball, 56)
Top of the 1st over - 0 run(s), 0 hit(s), 0 error(s), 0 left on base; Salem 0 - Ft. Polk South 0
BOTTOM OF THE 1ST
Ft. Polk South Thunder Hawks batting - Pitching for Salem Misfits : LHP Javier Roldán
Pitching: LHP Javier Roldán
Batting: RHB Jim Unknown 0-0: Called Strike
0-1: Ball
1-1: Foul Ball, location: 2F
1-2: Fly out, F9 (Flyball, 89M)
Batting: RHB Aurelio Annunziato 0-0: SINGLE (Line Drive, 56D)
Batting: LHB José López 0-0: Fly out, F6 (Popup, 56)
Batting: SHB Ted Hansen Pickoff Throw to First - Error! E1
Aurelio Annunziato to second
0-0: SINGLE (Line Drive, 56)
Aurelio Annunziato to third
Runner from 3rd tries for Home, SAFE, throw made home
Ted Hansen to second
Batting: RHB Steven Grant 0-0: Ball
1-0: Ball
2-0: Ball
3-0: Called Strike
3-1: Base on Balls
Batting: SHB Paul Wright 0-0: Ball
1-0: Called Strike
1-1: Ball
2-1: Called Strike
2-2: Ball
3-2: SINGLE (Groundball, 56D)
Ted Hansen to third
Steven Grant to second
Ted Hansen scores
Steven Grant to third
Batting: RHB Clark Calhoun 0-0: Called Strike
0-1: Ball
1-1: Ball
2-1: Ball
3-1: SINGLE (Flyball, 9M)
Steven Grant scores
Paul Wright to second
Runner from 2nd tries for 3rd, SAFE, throw made to third
Clark Calhoun to second
Batting: RHB Joe Murray 0-0: Fly out, F8 (Flyball, 8LM)
Bottom of the 1st over - 3 run(s), 4 hit(s), 1 error(s), 2 left on base; Salem 0 - Ft. Polk South 3
TOP OF THE 2ND
Salem Misfits batting - Pitching for Ft. Polk South Thunder Hawks : RHP Jeff Moore
Batting: LHB Júlio Valentín 0-0: Ball
1-0: Ball
2-0: Called Strike
2-1: Ball
3-1: Ground out 4-3 (Groundball, 4M)
Batting: RHB Steve Duncan 0-0: Called Strike
0-1: Called Strike
0-2: SINGLE (Groundball, 56D) (infield hit)
Batting: LHB Nathan Tanner 0-0: Called Strike
0-1: Called Strike
0-2: Strikes out swinging
Batting: LHB Jim Unknown 0-0: Called Strike
0-1: Ground out 1-3 (Groundball, 15S)
Top of the 2nd over - 0 run(s), 1 hit(s), 0 error(s), 1 left on base; Salem 0 - Ft. Polk South 3
BOTTOM OF THE 2ND
Ft. Polk South Thunder Hawks batting - Pitching for Salem Misfits : LHP Javier Roldán
Batting: RHB Tim Norris 0-0: Called Strike
0-1: Ball
1-1: Swinging Strike
1-2: Foul Ball, location: 2F
1-2: Strikes out swinging
Batting: RHB Jim Unknown 0-0: Called Strike
0-1: Ground out 6-3 (Groundball, 6)
Batting: RHB Aurelio Annunziato 0-0: Called Strike
0-1: Foul Ball, location: 2F
0-2: Ball
1-2: Foul Ball, location: 2F
1-2: Foul Ball, location: 2F
1-2: Ball
2-2: Ball
3-2: Fly out, F7 (Flyball, 78M)
Bottom of the 2nd over - 0 run(s), 0 hit(s), 0 error(s), 0 left on base; Salem 0 - Ft. Polk South 3
TOP OF THE 3RD
Salem Misfits batting - Pitching for Ft. Polk South Thunder Hawks : RHP Jeff Moore
Batting: LHB Jim Unknown 0-0: Ball
1-0: Ball
2-0: Called Strike
2-1: Foul Ball, location: 2F
2-2: Strikes out swinging
Batting: LHB Jim Unknown 0-0: Ball
1-0: Called Strike
1-1: Foul Ball, location: 2F
1-2: Foul Ball, location: 2F
1-2: Foul Ball, location: 2F
1-2: Ball
2-2: Strikes out swinging
Batting: SHB Alonso Márquez 0-0: Foul Ball, location: 2F
0-1: Ground out 1-3 (Groundball, 13S)
Top of the 3rd over - 0 run(s), 0 hit(s), 0 error(s), 0 left on base; Salem 0 - Ft. Polk South 3
BOTTOM OF THE 3RD
Ft. Polk South Thunder Hawks batting - Pitching for Salem Misfits : LHP Javier Roldán
Batting: LHB José López 0-0: Called Strike
0-1: Ball
1-1: Ball
2-1: Ground out 4-3 (Groundball, 4)
Batting: SHB Ted Hansen 0-0: Ball
1-0: SINGLE (Flyball, 89S)
Batting: RHB Steven Grant 0-0: Called Strike
0-1: 2-RUN HOME RUN (Flyball, 89XD), Distance : 381 ft
Batting: SHB Paul Wright 0-0: Ball
1-0: Called Strike
1-1: Ball
2-1: Fly out, F8 (Flyball, 8LM)
Batting: RHB Clark Calhoun 0-0: Foul Ball, location: 2F
0-1: Foul Ball, location: 2F
0-2: Strikes out swinging
Bottom of the 3rd over - 2 run(s), 2 hit(s), 0 error(s), 0 left on base; Salem 0 - Ft. Polk South 5
TOP OF THE 4TH
Salem Misfits batting - Pitching for Ft. Polk South Thunder Hawks : RHP Jeff Moore
Batting: LHB Micheal Garren 0-0: Foul Ball, location: 2F
0-1: Called Strike
0-2: Ball
1-2: SINGLE (Line Drive, 34)
Batting: RHB António Martínez 0-0: Called Strike
0-1: Swinging Strike
0-2: Ball
1-2: Ball
2-2: Ball
3-2: Base on Balls
Micheal Garren to second
Batting: LHB Júlio Valentín 0-0: Ball
1-0: Ball
2-0: Called Strike
2-1: Foul Ball, location: 2F
2-2: Ball
3-2: Foul Ball, location: 2F
3-2: Strikes out swinging
Batting: RHB Steve Duncan 0-0: Called Strike
Micheal Garren steals 3rd base
António Martínez to second
0-1: Ball
1-1: SINGLE (Flyball, 78S)
Micheal Garren scores
António Martínez to third
Runner from 3rd tries for Home, SAFE, no throw or cutoff
Batting: LHB Nathan Tanner 0-0: Called Strike
0-1: SINGLE (Groundball, 34D)
Steve Duncan to second
Runner from 2nd tries for 3rd, SAFE, throw made to third
Nathan Tanner to second
Batting: LHB Jim Unknown 0-0: Ground out U3 (Groundball, 3L)
Batting: LHB Jim Unknown 0-0: Foul Ball, location: 2F
0-1: Called Strike
0-2: Ball
1-2: Ball
2-2: Ball
3-2: Base on Balls
Batting: LHB Jim Unknown 0-0: Called Strike
0-1: Ball
1-1: Ball
2-1: Swinging Strike
2-2: Fielders Choice at 2nd, U6 (Groundball, 6M)
Top of the 4th over - 2 run(s), 3 hit(s), 0 error(s), 3 left on base; Salem 2 - Ft. Polk South 5
BOTTOM OF THE 4TH
Ft. Polk South Thunder Hawks batting - Pitching for Salem Misfits : LHP Javier Roldán
Batting: RHB Joe Murray 0-0: Called Strike
0-1: Ball
1-1: Ball
2-1: Swinging Strike
2-2: Foul Ball, location: 2F
2-2: Strikes out swinging
Batting: RHB Tim Norris 0-0: Ground out 4-3 (Groundball, 4M)
Batting: RHB Jim Unknown 0-0: Swinging Strike
0-1: Ball
1-1: Swinging Strike
1-2: Ball
2-2: Ball
3-2: Foul Ball, location: 2F
3-2: Base on Balls
Batting: RHB Aurelio Annunziato 0-0: Foul Ball, location: 2F
0-1: Called Strike
0-2: Fly out, F8 (Flyball, 78M)
Bottom of the 4th over - 0 run(s), 0 hit(s), 0 error(s), 1 left on base; Salem 2 - Ft. Polk South 5
TOP OF THE 5TH
Salem Misfits batting - Pitching for Ft. Polk South Thunder Hawks : RHP Jeff Moore
Batting: SHB Alonso Márquez 0-0: Ball
1-0: Ground out U3 (Groundball, 3)
Batting: LHB Micheal Garren 0-0: Foul Ball, location: 2F
0-1: Foul Ball, location: 2F
0-2: Ball
1-2: SINGLE (Groundball, 56D)
Batting: RHB António Martínez 0-0: Ball
Micheal Garren is caught stealing 2nd base
1-0: Ball
2-0: SINGLE (Groundball, 56)
Batting: LHB Júlio Valentín 0-0: Ball
1-0: Ball
2-0: Foul Ball, location: 2F
2-1: Ground out 3-1 (Groundball, 34)
Top of the 5th over - 0 run(s), 2 hit(s), 0 error(s), 1 left on base; Salem 2 - Ft. Polk South 5
BOTTOM OF THE 5TH
Ft. Polk South Thunder Hawks batting - Pitching for Salem Misfits : LHP Javier Roldán
Batting: LHB José López 0-0: Called Strike
0-1: Called Strike
0-2: Ground out 3-1 (Groundball, 3)
Batting: SHB Ted Hansen 0-0: Ball
1-0: Ball
2-0: Ball
3-0: Called Strike
3-1: Foul Ball, location: 2F
3-2: Base on Balls
Batting: RHB Steven Grant 0-0: Ball
1-0: Fly out, F9 (Flyball, 9S)
Batting: SHB Paul Wright 0-0: Ball
Wild Pitch!
Ted Hansen to second
1-0: SINGLE (Line Drive, 7LS)
Ted Hansen to third
Runner from 3rd tries for Home, SAFE, throw made home
Paul Wright to second
Batting: RHB Clark Calhoun 0-0: Ball
1-0: Ball
2-0: Called Strike
2-1: Ground out 6-3 (Groundball, 6M)
Bottom of the 5th over - 1 run(s), 1 hit(s), 0 error(s), 1 left on base; Salem 2 - Ft. Polk South 6
TOP OF THE 6TH
Salem Misfits batting - Pitching for Ft. Polk South Thunder Hawks : RHP Jeff Moore
Batting: RHB Steve Duncan 0-0: Swinging Strike
0-1: Ball
1-1: Swinging Strike
1-2: Ball
2-2: Foul Ball, location: 2F
2-2: Fly out, F8 (Flyball, 8LM)
Batting: LHB Nathan Tanner 0-0: Ball
1-0: Called Strike
1-1: Ball
2-1: Foul Ball, location: 2F
2-2: Ball
3-2: DOUBLE (Line Drive, 7LS)
Batting: LHB Jim Unknown 0-0: Ball
1-0: Ball
2-0: Foul Ball, location: 2F
2-1: Ground out 4-3 (Groundball, 4)
Nathan Tanner to third
Batting: LHB Jim Unknown 0-0: Swinging Strike
0-1: Called Strike
0-2: Ball
1-2: Ball
2-2: Strikes out swinging
Top of the 6th over - 0 run(s), 1 hit(s), 0 error(s), 1 left on base; Salem 2 - Ft. Polk South 6
BOTTOM OF THE 6TH
Ft. Polk South Thunder Hawks batting - Pitching for Salem Misfits : LHP Javier Roldán
Batting: RHB Joe Murray 0-0: Foul Ball, location: 2F
0-1: Ground out 5-3 (Groundball, 5)
Batting: RHB Tim Norris 0-0: Ball
1-0: Ball
2-0: Called Strike
2-1: Foul Ball, location: 2F
2-2: Strikes out swinging
Batting: RHB Jim Unknown 0-0: Called Strike
0-1: Ball
1-1: Foul Ball, location: 2F
1-2: Ball
2-2: Foul Ball, location: 2F
2-2: Ground out 4-3 (Groundball, 4)
Bottom of the 6th over - 0 run(s), 0 hit(s), 0 error(s), 0 left on base; Salem 2 - Ft. Polk South 6
TOP OF THE 7TH
Salem Misfits batting - Pitching for Ft. Polk South Thunder Hawks : RHP Jeff Moore
Batting: LHB Jim Unknown 0-0: Ball
1-0: Ground out 4-3 (Groundball, 4M)
Batting: SHB Alonso Márquez 0-0: Fly out, F7 (Flyball, 7S)
Batting: LHB Micheal Garren 0-0: Called Strike
0-1: Ball
1-1: Ground out 4-3 (Groundball, 4)
Top of the 7th over - 0 run(s), 0 hit(s), 0 error(s), 0 left on base; Salem 2 - Ft. Polk South 6
BOTTOM OF THE 7TH
Ft. Polk South Thunder Hawks batting - Pitching for Salem Misfits : LHP Javier Roldán
Batting: RHB Aurelio Annunziato 0-0: Ball
1-0: Swinging Strike
1-1: Ball
2-1: Foul Ball, location: 2F
2-2: Ball
3-2: Base on Balls
Batting: LHB José López 0-0: Ball
1-0: Called Strike
1-1: DOUBLE (Line Drive, 7LS)
Aurelio Annunziato to third
Runner from 3rd tries for Home, SAFE, no throw or cutoff
Pitching: LHP Lúcio Benítez
Batting: SHB Ted Hansen 0-0: Foul Ball, location: 2F
0-1: Called Strike
0-2: Ball
1-2: Ball
2-2: SINGLE (Groundball, 6MD)
José López to third
Batting: RHB Steven Grant 0-0: Ball
1-0: Ball
2-0: Fly out, F9 (Line Drive, 9M)
Batting: SHB Paul Wright 0-0: Ball
1-0: Called Strike
1-1: Ball
2-1: Ball
3-1: Base on Balls
Ted Hansen to second
Batting: RHB Clark Calhoun 0-0: Called Strike
0-1: Foul Ball, location: 2F
0-2: Fly out, F3 (Popup, 23F)
Batting: RHB Joe Murray 0-0: Ball
1-0: Foul Ball, location: 2F
1-1: Ball
2-1: Ball
3-1: Foul Ball, location: 2F
3-2: Foul Ball, location: 2F
3-2: Strikes out swinging
Bottom of the 7th over - 1 run(s), 2 hit(s), 0 error(s), 3 left on base; Salem 2 - Ft. Polk South 7
TOP OF THE 8TH
Salem Misfits batting - Pitching for Ft. Polk South Thunder Hawks : RHP Jeff Moore
Batting: RHB António Martínez 0-0: Ball
1-0: Foul Ball, location: 2F
1-1: Ball
2-1: Called Strike
2-2: Strikes out swinging
Batting: LHB Júlio Valentín 0-0: Ball
1-0: Called Strike
1-1: Ball
2-1: Fly out, F9 (Flyball, 89S)
Batting: RHB Steve Duncan 0-0: Ball
1-0: Ball
2-0: SINGLE (Line Drive, 5D)
Batting: LHB Nathan Tanner 0-0: Called Strike
0-1: Ground out 1-3 (Groundball, 25)
Top of the 8th over - 0 run(s), 1 hit(s), 0 error(s), 1 left on base; Salem 2 - Ft. Polk South 7
BOTTOM OF THE 8TH
Ft. Polk South Thunder Hawks batting - Pitching for Salem Misfits : LHP Lúcio Benítez
Batting: RHB Tim Norris 0-0: Called Strike
0-1: Swinging Strike
0-2: Strikes out swinging
Batting: RHB Jim Unknown 0-0: Called Strike
0-1: Fly out, F8 (Flyball, 8LXD)
Batting: RHB Aurelio Annunziato 0-0: Foul Ball, location: 2F
0-1: Ground out 5-3 (Groundball, 56S)
Bottom of the 8th over - 0 run(s), 0 hit(s), 0 error(s), 0 left on base; Salem 2 - Ft. Polk South 7
TOP OF THE 9TH
Salem Misfits batting - Pitching for Ft. Polk South Thunder Hawks : RHP Jeff Moore
Now in RF: Alfredo González
Batting: LHB Jim Unknown 0-0: Ball
1-0: Called Strike
1-1: Fly out, F9 (Flyball, 9D)
Batting: LHB Jim Unknown 0-0: Ball
1-0: Ball
2-0: Ball
3-0: Called Strike
3-1: Base on Balls
Pitching: RHP Kip Hill
Batting: LHB Jim Unknown 0-0: Foul Ball, location: 2F
0-1: Ball
1-1: Grounds into double play, 4-6-3 (Groundball, 4)
Top of the 9th over - 0 run(s), 0 hit(s), 0 error(s), 0 left on base; Salem 2 - Ft. Polk South 7
This league is powered by Out of the Park Baseball, the baseball management simulation game for PC, Mac and Linux
Friday, October 23rd, 2015 - OOTP Baseball 16.9 Build 39